 Dungeon Crawl Stone Soup version 0.31.0-11-ge490571c62 (webtiles) character file.

Game seed: 1516752886118809941

25 Flugkiller the Chiller (level 3, -2/16 HPs)
             Began as a Vine Stalker Ice Elementalist on Feb 3, 2024.
             Slain by a phantom (6 damage)
             ... on level 3 of the Dungeon.
             The game lasted 00:01:03 (426 turns).

Flugkiller the Chiller (VSIE)                        Turns: 426, Time: 00:01:03

Health: -2/16      AC:  2    Str: 10    XL:     3   Next: 4%
Magic:  0/8        EV: 12    Int: 17    God:
Gold:   55         SH:  0    Dex: 14    Spells: 6/7 levels left

rFire   . . .        c - +0 trident
rCold   . . .        (no shield)
rNeg    . . .        a - +0 robe
rPois   .            (no helmet)
rElec   .            (no cloak)
rCorr   .            (no gloves)
SInv    .            (no boots)
Will    .....        (no amulet)
Stlth   ++           (no ring)
HPRegen 1.02/turn    (no ring)
MPRegen 0.11/turn

%: guardian spirit
@: no status effects
A: fangs 2, regeneration 1, magic shield, antimagic bite, no potion heal 2
a: no special abilities


You were on level 3 of the Dungeon.
You visited 1 branch of the dungeon, and saw 3 of its levels.

You collected 55 gold pieces.

Inventory:

Hand Weapons
 c - a +0 trident (weapon)
   (You found it on level 1 of the Dungeon)
Armour
 a - a +0 robe (worn)
Scrolls
 d - a scroll of torment {unknown}
 f - a scroll of immolation {unknown}
 h - a scroll of enchant weapon {unknown}
Potions
 b - a potion of magic


   Skills:
 - Level 1.5 Dodging
 - Level 2.4 Stealth
 + Level 2.9 Spellcasting
 + Level 4.4 Ice Magic


You had 6 spell levels left.
You knew the following spells:

 Your Spells              Type           Power      Damage    Failure   Level
a - Freeze                Ice            68%        1d8       2%          1

Your spell library contained the following spells:

 Spells                   Type           Power      Damage    Failure   Level
 Frozen Ramparts          Ice            34%        1d6       9%          3
 Ozocubu's Armour         Ice            17%        N/A       9%          3
 Summon Ice Beast         Ice/Summ       10%        N/A       22%         3
 Volatile Blastmotes      Fire/Tloc      4%         2d10      47%         3
 Fulminant Prism          Conj/Alch      1%         3d5       87%         4
 Iskenderun's Mystic Bla  Conj/Tloc      2%         2d3       87%         4


Dungeon Overview and Level Annotations

Branches:
Dungeon (3/15) Zot: 17558

Altars:


Innate Abilities, Weirdness & Mutations

You have extremely sharp teeth.
Your natural rate of healing is unusually fast.
When hurt, damage is shared between your health and your magic reserves.
Your bite disrupts and absorbs the magic of your enemies.
Potions cannot restore your health.


Message History

You open the door.
There is an open door here.
Okay, then.
There is an open door here.
There is a stone staircase leading down here.
It was a potion of curing.
That felt strangely inert.
It was a potion of invisibility.
You fade into invisibility!
You climb downwards.
The phantom barely misses you. The phantom misses you.
There is a stone staircase leading up here.
You barely miss the phantom. The phantom barely misses you.
You closely miss the phantom. You bite the phantom. You drain its power.
You feel invigorated.
The phantom is lightly damaged.
The phantom closely misses you. x2
You closely miss the phantom.
The phantom is lightly damaged.
The phantom misses you.
You strike the helpless phantom from behind!
You hit the phantom. Your punch misses the phantom.
The phantom is moderately damaged.
You reach to attack!
You barely miss the phantom.
The phantom is moderately damaged.
You reach to attack!
You hit the phantom.
The phantom is moderately damaged.
You hit the phantom.
The phantom is heavily damaged.
You reach to attack!
You closely miss the phantom.
The phantom is heavily damaged.
You reach to attack!
You miss the phantom.
The phantom is heavily damaged.
You flicker for a moment.
Found a ring mail.
You barely miss the phantom. Your bite misses the phantom.
The phantom is heavily damaged.
You flicker back into view.
The phantom barely misses you.
You closely miss the phantom. You bite the phantom. You drain its power.
The phantom is heavily damaged.
The phantom hits you.
The phantom blinks!
You blink.
You closely miss the phantom.
The phantom is heavily damaged.
The phantom hits you.
The phantom hits you but does no damage.
You hit the phantom.
The phantom is severely damaged.
The phantom hits you.
The phantom blinks!
You blink.
You closely miss the phantom. Your bite misses the phantom.
The phantom is severely damaged.
The phantom barely misses you.
You barely miss the phantom.
The phantom is severely damaged.
The phantom hits you!
The phantom blinks!
You blink.
You are too injured to fight recklessly!
You miss the phantom. Your bite misses the phantom.
The phantom is severely damaged.
The phantom hits you. The phantom barely misses you.
You closely miss the phantom. Your bite misses the phantom.
The phantom is severely damaged.
The phantom closely misses you.
You closely miss the phantom.
The phantom is severely damaged.
The phantom hits you.
You hit the phantom. Your bite misses the phantom.
The phantom is severely damaged.
The phantom barely misses you. The phantom misses you.
You hit the phantom. Your bite misses the phantom.
The phantom is almost destroyed.
The phantom barely misses you.
You hit the phantom but do no damage. Your bite misses the phantom.
The phantom is almost destroyed.
The phantom hits you.
The phantom blinks!
You blink.
You miss the phantom.
The phantom is almost destroyed.
The phantom hits you.
* * * LOW HITPOINT WARNING * * *
The phantom hits you.
* * * LOW HITPOINT WARNING * * *
The phantom blinks!
You blink.
You hit the phantom but do no damage.
The phantom is almost destroyed.
The phantom hits you but does no damage.
You hit the phantom.
The phantom is almost destroyed.
The phantom hits you but does no damage.
You closely miss the phantom.
The phantom is almost destroyed.
The phantom hits you.
* * * LOW HITPOINT WARNING * * *
The phantom blinks!
You blink.
You closely miss the phantom. Your bite misses the phantom.
The phantom is almost destroyed.
The phantom hits you.
* * * LOW HITPOINT WARNING * * *
The phantom hits you.
* * * LOW HITPOINT WARNING * * *
You closely miss the phantom. Your bite misses the phantom.
The phantom is almost destroyed.
The phantom hits you!
You die...

...## #####.#
...##.....#
#..#.....#
#.......#
##..[..##
##.....###
#.......#
#....##.
#########.@W.#
#....(.....###
#..........#
#..........#
#.....†....#
####<#######
###


You could see a phantom.

Vanquished Creatures
  An adder (D:2)
  A dart slug (D:1)
  A ribbon worm (D:3)
  3 ball pythons
  3 hobgoblins
  2 quokkas (D:2)
11 creatures vanquished.

Notes
Turn   | Place    | Note
-------+----------+-------------------------------------------
     0 | D:1      | Flugkiller the Vine Stalker Ice Elementalist began the
                  | quest for the Orb.
     0 | D:1      | Reached XP level 1. HP: 9/9 MP: 4/4
    38 | D:1      | Found a faded altar of an unknown god.
    79 | D:1      | Reached XP level 2. HP: 13/13 MP: 2/6
   373 | D:3      | Reached XP level 3. HP: 16/16 MP: 4/8
   373 | D:3      | Noticed a phantom
   426 | D:3      | Slain by a phantom

Illustrated notes

Levels and vault maps discovered:
D:1:      minmay_arrival_three_doors, layout_basic,
          hellmonk_ecumenical_altar_lost_god, nicolae_hexahallways
D:2:      layout_basic, minmay_misc_feat_x, minmay_misc_feat_cross,
          skrybe_limestone_x
D:3:      wander_river, layout_basic

Action                     || total
---------------------------++-------
  Melee: Trident           ||    43
         Bite              ||     8
         Unarmed           ||     2
   Cast: Freeze            ||    17
    Use: Potion            ||     2
   Stab: Invisible         ||     1
 Armour: Robe              ||    38
  Dodge: Dodged            ||    32
